 Dungeon Crawl Stone Soup version 0.28-a0-406-g4bac719ec2 (webtiles) character file.

Game seed: 13681835323402559382

3279 MirrMurr the Thrower (level 10, -13/77 HPs)
             Began as a Gnoll Hunter on Sept 5, 2021.
             Was an Initiate of Okawaru.
             Killed from afar by a gargoyle (22 damage)
             ... with a stone arrow
             ... on level 7 of the Dungeon.
             The game lasted 00:17:43 (9406 turns).

MirrMurr the Thrower (Gnoll Hunter)                 Turns: 9406, Time: 00:17:43

Health: -13/77     AC: 15    Str:  8 (11) XL:     10   Next: 0%
Magic:  17/17      EV: 13    Int: 10 (11) God:    Okawaru [......]
Gold:   424        SH:  4    Dex:  9 (12) Spells: 14/18 levels left

rFire   + . .      SeeInvis .   a - +3 spear (vorpal)
rCold   + + .      Faith    .   A - +0 buckler
rNeg    . . .      Spirit   .   l - +0 leather armour
rPois   +          Reflect  .   s - +0 helmet
rElec   +          Harm     .   (no cloak)
rCorr   +          Rampage  .   e - +1 pair of gloves
Will    .....                   (no boots)
Stlth   ++........              (no amulet)
HPRegen 0.22/turn               m - ring of protection from cold
MPRegen 0.15/turn               o - ring of the Tortoise {AC+8}

@: brilliant, resistant
A: fangs 1, strong nose, distributed training, clumsy 1, dopey 1
a: Renounce Religion


You were on level 7 of the Dungeon.
You worshipped Okawaru.
Okawaru was noncommittal.
You visited 2 branches of the dungeon, and saw 8 of its levels.

You collected 424 gold pieces.

Inventory:

Hand Weapons
 a - a +3 vorpal spear (weapon)
 b - a +0 short sword
 v - a +4 dagger of distortion
 w - a +0 hunting sling
 x - a +6 scimitar
Missiles
 c - 5 javelins
 d - 2 throwing nets
 h - 177 stones (quivered)
 n - 3 poisoned darts
 q - 80 sling bullets
Armour
 e - a +1 pair of gloves (worn)
 l - a +0 leather armour (worn)
 s - a +0 helmet (worn)
 A - a +0 buckler (worn)
Magical Staves
 u - a staff of poison
Jewellery
 g - a ring of flight
 m - a ring of protection from cold (left hand)
 o - the ring of the Tortoise (right hand) {AC+8}
   (You found it on level 4 of the Dungeon)

   [ring of protection]

   AC:        It affects your AC (+8).
Wands
 y - a wand of flame (22)
 B - a wand of acid (8)
Scrolls
 f - 2 scrolls of fear
 k - a scroll of summoning
 D - a scroll of magic mapping
 F - a scroll of immolation
 G - a scroll of teleportation
Potions
 i - a potion of heal wounds
 j - 2 potions of lignification
 p - 2 potions of flight
 r - a potion of brilliance


   Skills:
 + Level 6.7 Fighting
 + Level 4.8 Short Blades
 + Level 4.8 Long Blades
 + Level 4.8 Axes
 + Level 4.8 Maces & Flails
 + Level 4.8 Polearms
 + Level 4.8 Staves
 + Level 4.8 Slings
 + Level 4.8 Bows
 + Level 4.8 Crossbows
 + Level 9.8 Throwing
 + Level 4.8 Armour
 + Level 6.7 Dodging
 + Level 5.4 Stealth
 + Level 4.8 Shields
 + Level 4.8 Unarmed Combat
 + Level 4.8 Spellcasting
 + Level 3.9 Conjurations
 + Level 3.9 Hexes
 + Level 3.9 Summonings
 + Level 3.9 Necromancy
 + Level 3.9 Translocations
 + Level 3.9 Transmutations
 + Level 3.9 Fire Magic
 + Level 3.9 Ice Magic
 + Level 3.9 Air Magic
 + Level 3.9 Earth Magic
 + Level 3.9 Poison Magic
 + Level 5.2 Invocations
 + Level 4.8 Evocations


You had 14 spell levels left.
You knew the following spells:

 Your Spells              Type           Power      Damage    Failure   Level
B - Blink                 Tloc           N/A        N/A       10%         2
P - Passwall              Tmut/Erth      12%        N/A       10%         2

Your spell library contained the following spells:

 Spells                   Type           Power      Damage    Failure   Level
 Sandblast                Erth           30%        2d9       6%          1
 Lesser Beckoning         Tloc           15%        N/A       19%         3
 Stone Arrow              Conj/Erth      30%        3d8       19%         3
 Manifold Assault         Tloc           15%        N/A       86%         5


Dungeon Overview and Level Annotations

Branches:
Dungeon (7/15)             Temple (1/1) D:7

Altars:
Ashenzari
Cheibriados
Dithmenos
Elyvilon
Fedhas
Gozag
Hepliaklqana
Makhleb
Nemelex Xobeh
Okawaru
Ru
Sif Muna
Trog
Vehumet
Wu Jian
Xom
Yredelemnul
Zin
The Shining One


Innate Abilities, Weirdness & Mutations

You have very sharp teeth.
Your uncanny sense of smell can sniff out nearby items.
Your experience applies equally to all skills.
You are clumsy. (Dex -2)
You are dopey. (Int -2)


Message History

The stone arrow misses you.
It was a potion of degeneration.
There was something very wrong with that liquid.
You feel weakened.
You feel dopey.
You feel clumsy. The gargoyle closely misses you.
You hit the gargoyle but do no damage.
The gargoyle is lightly damaged.
The gargoyle closely misses you.
You hit the gargoyle but do no damage.
The gargoyle is lightly damaged.
You hit the gargoyle but do no damage.
The gargoyle is lightly damaged.
The gargoyle misses you.
You barely miss the gargoyle.
The gargoyle is lightly damaged.
The gargoyle hits you with a +0 mace.
You hit the gargoyle but do no damage.
The gargoyle is lightly damaged.
The gargoyle hurls a stone arrow at you.
The stone arrow hits you.
* * * LOW HITPOINT WARNING * * *
You hit the gargoyle but do no damage.
The gargoyle is lightly damaged.
You block the gargoyle's attack.
Your leather armour prevents you from hitting the gargoyle.
The gargoyle is lightly damaged.
The gargoyle closely misses you.
You hit the gargoyle but do no damage.
The gargoyle is lightly damaged.
The gargoyle hurls a stone arrow at you.
The stone arrow hits you but does no damage.
The gargoyle hits you with a +0 mace!
* * * LOW HITPOINT WARNING * * *
Unknown command.
Things that are here:
a +0 dagger; a +0 robe; an orc corpse
There is an open door here.
The gargoyle hurls a stone arrow at you.
The stone arrow hits you!!
You die...

...# #.# #.# #.....# ...######.#
#.# #....^### ..........# #.#
#.....+.# ....###########.#
#.....#.#### .......##.....#.#
#..........##
.......##.###.#.#####.....##.....
............................>....
.......##.#...#.######...........
.............)..@.).)............
####...##....9..#.##.#.###...####
**##########'#############...#...
,,............9..............#.#.
*,*.#.#.#.#.#)#.#(#.#.#.#....#.#.
*,,,,,,,#.?.....#.(.(...#..#.#.#.
*###########################...#.
*#.##.#.# #....#.#.,,..#...#.
*#......# #....#.#.###.#...##


You could see a gargoyle.

Vanquished Creatures
  Joseph (D:7)
  A kobold demonologist (D:6)
  A steam dragon (D:7)
  2 ice beasts (D:6)
  A sky beast (D:7)
  2 necrophages
  3 ogres
  A centaur (D:5)
  A phantom (D:7)
  A bullfrog (D:6)
  3 scorpions
  A gnoll sergeant (D:3)
  2 wyvern zombies (D:6)
  A wyvern skeleton (D:6)
  2 water moccasin skeletons (D:6)
  8 wights
  2 centaur zombies
  5 bullfrog zombies (D:6)
  A hound (D:4)
  A jelly (D:6)
  A centaur skeleton (D:5)
  2 bullfrog skeletons (D:6)
  4 iguanas
  2 orc wizards (D:7)
  2 killer bee zombies (D:6)
  A hound skeleton (D:4)
  2 howler monkey skeletons
  5 adders
  3 gnolls
  A white imp (D:7)
  2 ufetubi
  A worm (D:2)
  7 dart slugs
  6 orcs
  11 ball pythons
  3 bats
  8 endoplasms
  4 giant cockroaches
  4 goblins
  5 hobgoblins
  5 kobolds
  2 quokkas
  2 frilled lizards (D:2)
  8 rats
131 creatures vanquished.

Vanquished Creatures (others)
  14 plants (D:5)
  6 withered plants (D:6)
20 creatures vanquished.

Grand Total: 151 creatures vanquished

Notes
Turn   | Place    | Note
-------+----------+-------------------------------------------
     0 | D:1      | MirrMurr the Gnoll Hunter began the quest for the Orb.
     0 | D:1      | Reached XP level 1. HP: 20/20 MP: 1/1
   456 | D:1      | Reached XP level 2. HP: 24/26 MP: 2/2
   508 | D:1      | Found a faded altar of an unknown god.
  1004 | D:1      | Reached XP level 3. HP: 27/31 MP: 3/3
  1521 | D:2      | Reached skill level 1 in Invocations
  1660 | D:2      | Reached skill level 1 in Short Blades
  1660 | D:2      | Reached skill level 1 in Long Blades
  1660 | D:2      | Reached skill level 1 in Axes
  1660 | D:2      | Reached skill level 1 in Maces & Flails
  1660 | D:2      | Reached skill level 1 in Polearms
  1660 | D:2      | Reached skill level 1 in Staves
  1660 | D:2      | Reached skill level 1 in Slings
  1660 | D:2      | Reached skill level 1 in Bows
  1660 | D:2      | Reached skill level 1 in Crossbows
  1660 | D:2      | Reached skill level 1 in Armour
  1660 | D:2      | Reached skill level 1 in Shields
  1660 | D:2      | Reached skill level 1 in Unarmed Combat
  1660 | D:2      | Reached skill level 1 in Spellcasting
  1660 | D:2      | Reached skill level 1 in Evocations
  1817 | D:2      | Reached XP level 4. HP: 35/38 MP: 5/5
  2896 | D:3      | Reached skill level 1 in Conjurations
  2896 | D:3      | Reached skill level 1 in Hexes
  2896 | D:3      | Reached skill level 1 in Summonings
  2896 | D:3      | Reached skill level 1 in Necromancy
  2896 | D:3      | Reached skill level 1 in Translocations
  2896 | D:3      | Reached skill level 1 in Transmutations
  2896 | D:3      | Reached skill level 1 in Fire Magic
  2896 | D:3      | Reached skill level 1 in Ice Magic
  2896 | D:3      | Reached skill level 1 in Air Magic
  2896 | D:3      | Reached skill level 1 in Earth Magic
  2896 | D:3      | Reached skill level 1 in Poison Magic
  3491 | D:3      | Noticed a scorpion
  3502 | D:3      | Killed a scorpion
  3503 | D:3      | Reached XP level 5. HP: 12/43 MP: 5/7
  4104 | D:3      | Reached XP level 6. HP: 30/50 MP: 8/8
  4422 | D:4      | Learned a level 2 spell: Passwall
  4440 | D:4      | Reached skill level 5 in Fighting
  4440 | D:4      | Reached skill level 5 in Dodging
  4445 | D:4      | Noticed a necrophage
  4502 | D:4      | Killed a necrophage
  4582 | D:4      | Found the ring of the Tortoise {AC+8}
  4887 | D:5      | Entered Level 5 of the Dungeon
  5172 | D:5      | Reached XP level 7. HP: 54/56 MP: 10/10
  5917 | D:6      | Reached skill level 9 in Throwing
  5969 | D:6      | Reached XP level 8. HP: 41/63 MP: 12/12
  7318 | D:6      | Reached XP level 9. HP: 60/69 MP: 14/14
  7381 | D:6      | Noticed a kobold demonologist
  7396 | D:6      | Noticed a hellwing
  7405 | D:6      | Noticed a sixfirhy
  7407 | D:6      | Noticed a hellwing
  7408 | D:6      | Killed a kobold demonologist
  7876 | D:7      | Learned a level 2 spell: Blink
  8140 | D:7      | Noticed Joseph
  8183 | D:7      | Reached skill level 5 in Stealth
  8218 | D:7      | Killed Joseph
  8219 | D:7      | Reached skill level 5 in Invocations
  8509 | D:7      | Found an opulent altar of Gozag.
  8629 | D:7      | Found a staircase to the Ecumenical Temple.
  8634 | Temple   | Entered the Ecumenical Temple
  8642 | Temple   | Became a worshipper of Warmaster Okawaru
  9268 | D:7      | Reached XP level 10. HP: 77/77 MP: 17/17
  9371 | D:7      | Noticed a gargoyle
  9385 | D:7      | Gained mutation: You are dopey. (Int -2) [potion of
                  | mutation]
  9385 | D:7      | Gained mutation: You are clumsy. (Dex -2) [potion of
                  | mutation]
  9406 | D:7      | Killed from afar by a gargoyle

Illustrated notes

Levels and vault maps discovered:
D:1:      denvon_arrival_waterhouse, layout_basic,
          ebering_ecumenical_altar_rust, minmay_misc_feat_rows, minivault_5,
          kennysheep_small_spiral
D:2:      layout_rooms
D:3:      layout_basic
D:4:      layout_cave_pools
D:5:      layout_loops_ring, chequers_big_river, serial_bayou_ford_a
D:6:      layout_loops_ring, serial_undead, serial_undead_c, serial_undead_b,
          serial_undead_f, serial_undead_b, serial_undead_b, serial_undead_e,
          serial_undead_b, serial_undead_d
D:7:      layout_basic, amcnicky_altar_gilded, temple_doors_cd,
          hangedman_minor_gate_pass, uniq_joseph
Temple:   nicolae_temple_no_exploring_needed

Skill      XL: |  1  2  3  4  5  6  7  8  9 |
---------------+----------------------------+-----
Invocations    | 1 2 3 4 5 |  5.2
Short Blades   | 1 2 3 4 |  4.8
Long Blades    | 1 2 3 4 |  4.8
Axes           | 1 2 3 4 |  4.8
Maces & Flails | 1 2 3 4 |  4.8
Polearms       | 1 2 3 4 |  4.8
Staves         | 1 2 3 4 |  4.8
Slings         | 1 2 3 4 |  4.8
Bows           | 1 2 3 4 |  4.8
Crossbows      | 1 2 3 4 |  4.8
Armour         | 1 2 3 4 |  4.8
Shields        | 1 2 3 4 |  4.8
Unarmed Combat | 1 2 3 4 |  4.8
Spellcasting   | 1 2 3 4 |  4.8
Evocations     | 1 2 3 4 |  4.8
Conjurations   | 1 2 3 |  3.9
Hexes          | 1 2 3 |  3.9
Summonings     | 1 2 3 |  3.9
Necromancy     | 1 2 3 |  3.9
Translocations | 1 2 3 |  3.9
Transmutations | 1 2 3 |  3.9
Fire Magic     | 1 2 3 |  3.9
Ice Magic      | 1 2 3 |  3.9
Air Magic      | 1 2 3 |  3.9
Earth Magic    | 1 2 3 |  3.9
Poison Magic   | 1 2 3 |  3.9
Stealth        | 3 4 5 |  5.4
Fighting       | 5 6 |  6.7
Dodging        | 5 6 |  6.7
Throwing       | 9 |  9.8

Action                   |  1- 3 |  4- 6 |  7- 9 | 10-12 || total
-------------------------+-------+-------+-------+-------++-------
Melee: Short sword       |    43 |       |       |       ||    43
       Spear             |    76 |   142 |   473 |    17 ||   708
       Bite              |     4 |    11 |    47 |       ||    62
       Punch             |       |     2 |       |       ||     2
Throw: Stone             |       |   116 |   115 |     4 ||   235
       Dart              |       |     5 |    12 |       ||    17
       Javelin           |       |     5 |     7 |       ||    12
       Throwing net      |       |       |     3 |       ||     3
  Use: Potion            |     1 |       |     2 |     5 ||     8
       Scroll            |       |     8 |     4 |       ||    12
 Stab: Sleeping          |     4 |     2 |     5 |       ||    11
       Held in net/web   |       |       |     1 |       ||     1
Armor: Leather armour    |    29 |    41 |   123 |     1 ||   194
Dodge: Dodged            |    85 |   102 |   205 |     7 ||   399
Block: Buckler           |       |       |    70 |     3 ||    73

Table legend: (Time is in decaauts)
 A = Elapsed time spent in this place.
 B = Non-inter-level travel time spent in this place.
 C = Inter-level travel time spent in this place.
 D = Time resting spent in this place.
 E = Time spent auto-exploring this place.
 F = Levels seen in this place.
 G = Mean time per level.
                   A        B        C        D        E       F      G
               +--------+--------+--------+--------+--------+-----+--------+
         Total |   9339 |   8758 |    581 |      0 |   7079 |   8 | 1167.4 |
       Dungeon |   9323 |   8749 |    574 |      0 |   7079 |   7 | 1331.9 |
        Temple |     15 |      8 |      7 |      0 |      0 |   1 |   15.0 |
               +--------+--------+--------+--------+--------+-----+--------+

Top non-repeatable levels by time:
     D:6: 1713 daAuts
     D:1: 1667 daAuts
     D:7: 1489 daAuts
     D:3: 1364 daAuts
     D:5: 1244 daAuts
     D:2: 1042 daAuts
     D:4: 803 daAuts
  Temple: 15 daAuts
